 Dungeon Crawl Stone Soup version 0.31-a0-662-g684573625c (webtiles) character file.

Game seed: 8248931573698385811

227 Bravepunisher the Ducker (level 5, 0/28 HPs)
             Began as a Spriggan Monk on Aug 31, 2023.
             Slain by a lemure (3 damage)
             ... led by Pikel
             ... on level 4 of the Dungeon.
             The game lasted 00:10:31 (1452 turns).

Bravepunisher the Ducker (Spriggan Monk)            Turns: 1452, Time: 00:10:31

Health: 0/28       AC:  2    Str:  7    XL:     5   Next: 70%
Magic:  6/6        EV: 21    Int: 12    God:
Gold:   38         SH:  0    Dex: 19    Spells: 4/4 levels left

rFire   . . .        f - +4 whip
rCold   . . .        d - orb {light}
rNeg    . . .        b - +0 robe
rPois   .            (helmet restricted)
rElec   .            (no cloak)
rCorr   .            (gloves unavailable)
SInv    +            (boots unavailable)
Will    .....        (no amulet)
Stlth   +            (no ring)
HPRegen 0.24/turn    (no ring)
MPRegen 0.10/turn

%: no passive effects
@: mighty, lethally poisoned (0 -> -3), glowing, very quick
A: very small, no large weapons, unfitting armour, see invisible, speed 3
a: no special abilities


You were on level 4 of the Dungeon.
You visited 1 branch of the dungeon, and saw 7 of its levels.

You collected 62 gold pieces.
You spent 24 gold pieces at shops.

Inventory:

Hand Weapons
 a - a +0 short sword
 f - a +4 whip (weapon)
Armour
 b - a +0 robe (worn)
 d - an orb of light (worn)
 g - a +1 cloak
Scrolls
 i - a scroll of identify
Potions
 c - a potion of ambrosia
 e - a potion of might


   Skills:
 + Level 3.4 Fighting
 + Level 4.5 Short Blades
 * Level 6.6 Dodging


You had 4 spell levels left.
You didn't know any spells.
Your spell library was empty.

Dungeon Overview and Level Annotations

Branches:
Dungeon (7/15)
 Temple: D:4-7

Altars:

Shops:
D:4 ?

Annotations:
D:4 Ijyb; Natasha
D:5 3 runed translucent doors, Gelion's ghost, novice OpSh; Pikel


Innate Abilities, Weirdness & Mutations

You are very small and have problems with some larger weapons.
You are too small for most types of armour.
You have supernaturally acute eyesight. (SInv)
You cover ground extremely quickly. (Speed+++)


Message History

The lemure hits you.
You hit the lemure but do no damage.
The lemure is severely wounded.
The lemure hits you!
You hit the lemure but do no damage.
The lemure is severely wounded.
The lemure completely misses you. The lemure hits you.
* * * LOW HITPOINT WARNING * * *
Found a dagger.
Found a stone staircase leading down.
Found a stone.
An endoplasm comes into view.
Ijyb the Twisted Goblin comes into view.
She is wielding a +0 dagger of venom and carrying a wand of paralysis.
Ijyb shouts!
Ijyb zaps a wand.
You suddenly lose the ability to move!
Ijyb zaps a wand.
You easily resist.
Ijyb hits you with a +0 dagger of venom.
You are lethally poisoned!
* * * LOW HITPOINT WARNING * * *
You feel very sick. Ijyb screams, "Me stronger than you!"
Ijyb zaps a wand.
You easily resist.
* * * LOW HITPOINT WARNING * * *
You feel sick. Ijyb hits you but does no damage.
You can move again.
Unknown command.
* * * LOW HITPOINT WARNING * * *
You feel sick.
Ijyb zaps a wand.
You easily resist.
* * * LOW HITPOINT WARNING * * *
You feel sick.
* * * LOW HITPOINT WARNING * * *
You feel sick.
It was a potion of might.
You feel very mighty all of a sudden.
* * * LOW HITPOINT WARNING * * *
You feel sick.
You whack the lemure!
The lemure is severely wounded.
* * * LOW HITPOINT WARNING * * *
You feel sick. The lemure hits you.
You die...

### #.# #.#
#.######
###......#
#@#....#)#######
#5#..#.....#...##
#gJ......#.#.#..
#..............#
#####....#.#...#
#####...#.....#
#...#...##.#†.#
#...#.....>#..###
#...#...##.#.5.5.


You could see a lemure, Ijyb and an endoplasm.

Vanquished Creatures
  A bullfrog (D:6)
  3 hounds
  An iguana (D:5)
  4 adders
  A ball python (D:4)
  2 giant cockroaches
  A goblin (D:4)
  2 hobgoblins
  A quokka (D:2)
  A bat (D:3)
  A frilled lizard (D:2)
  2 kobolds
20 creatures vanquished.

Notes
Turn   | Place    | Note
-------+----------+-------------------------------------------
     0 | D:1      | Bravepunisher the Spriggan Monk began the quest for the
                  | Orb.
     0 | D:1      | Reached XP level 1. HP: 11/11 MP: 2/2
    19 | D:1      | Noticed a minotaur skeleton
   278 | D:2      | Reached XP level 2. HP: 13/16 MP: 3/3
   474 | D:5      | Entered Level 5 of the Dungeon
   485 | D:5      | Reached skill level 5 in Dodging
   485 | D:5      | Reached XP level 3. HP: 17/19 MP: 4/4
   529 | D:5      | Noticed a scorpion
   589 | D:5      | Noticed a lemure
   597 | D:5      | Noticed a lemure
   597 | D:5      | Noticed a lemure
   598 | D:5      | Noticed Pikel
   600 | D:5      | Noticed a lemure
   698 | D:4      | Found Dewoanach's Magic Scroll Shoppe.
   702 | D:4      | Bought a scroll of identify for 24 gold pieces
   704 | D:4      | Noticed Natasha
   762 | D:5      | Noticed an ogre
   769 | D:5      | Noticed an ogre
   786 | D:6      | Noticed a bullfrog
   857 | D:6      | Killed a bullfrog
   858 | D:6      | Reached XP level 4. HP: 10/24 MP: 5/5
   865 | D:6      | Reached skill level 6 in Dodging
   865 | D:6      | Reached XP level 5. HP: 5/28 MP: 6/6
  1221 | D:5      | Found a runed translucent gate.
  1222 | D:5      | Found a runed translucent gate.
  1223 | D:5      | Found a runed translucent gate.
  1225 | D:5      | Noticed Gelion's ghost (novice OpSh)
  1439 | D:4      | Noticed Ijyb
  1442 | D:4      | Paralysed by Ijyb for 5 turns
  1452 | D:4      | Slain by a lemure

Illustrated notes

Levels and vault maps discovered:
D:1:      shiori_arrival_whats_in_store_for_you, layout_rooms, feat_on_display
D:2:      layout_basic, grunt_ministairs_10, minmay_ruptured
D:3:      layout_rooms, mainiacjoe_overflow_alcove_2,
          gammafunk_temple_overflow_arena, uniq_sigmund
D:4:      layout_basic, serial_shops, nicolae_shop_crystal, uniq_natasha,
          uniq_ijyb
D:5:      layout_basic, ebering_ghost_rock_garden, minivault_27, minivault_14,
          uniq_pikel
D:6:      kennysheep_spiral_hall, layout_basic
D:7:      layout_loops_ring, nicolae_sif_muna_little_library,
          minmay_temple_entry_stoned_glass

Skill      XL: |  1  2  3  4 |
---------------+-------------+-----
Dodging        | 5 6 |  6.6
Fighting       | 3 |  3.4
Short Blades   | 4 |  4.5

Action                     |  1- 3 |  4- 6 || total
---------------------------+-------+-------++-------
  Melee: Short sword       |    45 |       ||    45
         Whip              |    20 |    45 ||    65
    Use: Scroll            |     1 |     1 ||     2
         Potion            |       |     1 ||     1
   Stab: Sleeping          |     1 |       ||     1
 Armour: Robe              |    20 |    23 ||    43
  Dodge: Dodged            |    84 |    51 ||   135

Table legend: (Time is in decaauts)
 A = Elapsed time spent in this place.
 B = Non-inter-level travel time spent in this place.
 C = Inter-level travel time spent in this place.
 D = Time resting spent in this place.
 E = Time spent auto-exploring this place.
 F = Levels seen in this place.
 G = Mean time per level.
                   A        B        C        D        E       F      G
               +--------+--------+--------+--------+--------+-----+--------+
         Total |   1040 |   1040 |      0 |    114 |    354 |   7 |  148.6 |
       Dungeon |   1040 |   1040 |      0 |    114 |    354 |   7 |  148.6 |
               +--------+--------+--------+--------+--------+-----+--------+

Top non-repeatable levels by time:
     D:5: 267 daAuts
     D:6: 251 daAuts
     D:2: 247 daAuts
     D:4: 190 daAuts
     D:3: 35 daAuts
     D:7: 32 daAuts
     D:1: 16 daAuts
